 Dungeon Crawl Stone Soup version 0.30.0-10-gfe55d96785 (webtiles) character file.

Game seed: 11630422188238908477

9068 qw the Cleaver (level 11, -8/72 HPs)
             Began as a Gargoyle Cinder Acolyte on May 17, 2023.
             Was an Initiate of Ignis.
             Mangled by a slime creature (10 damage)
             ... on level 10 of the Dungeon.
             The game lasted 00:05:42 (9906 turns).

qw the Cleaver (Gargoyle Cinder Acolyte)            Turns: 9906, Time: 00:05:42

Health: -8/72      AC: 22    Str: 23    XL:     11   Next: 40%
Magic:  12/12      EV: 12    Int: 14    God:    Ignis [......]
Gold:   94         SH:  0    Dex:  5    Spells: 12/12 levels left

rFire   + . .        Y - +1 broad axe
rCold   + . .        (no shield)
rNeg    + . .        d - +1 plate armour
rPois   inf          (no helmet)
rElec   +            (no cloak)
rCorr   .            (no gloves)
SInv    .            (no boots)
Will    .....        (no amulet) Stlth
                     a - +5 ring of evasion
HPRegen 0.32/turn    m - ring of protection from cold
MPRegen 0.13/turn

%: no passive effects
@: no status effects
A: sickness immunity, AC +8, negative energy resistance 1, electricity
resistance, torment resistance 1, petrification resistance
a: Renounce Religion, Rising Flame


You were on level 10 of the Dungeon.
You worshipped Ignis.
Ignis was noncommittal.
You visited 2 branches of the dungeon, and saw 11 of its levels.

You collected 1395 gold pieces.
You spent 1301 gold pieces at shops.


Innate Abilities, Weirdness & Mutations

You are immune to sickness and miasma.
Your stone body is resilient. (AC +8)
You are immune to poison.
You resist negative energy. (rN+)
You are resistant to electric shocks. (rElec)
You are resistant to unholy torment.
You are immune to petrification.


   Skills:
 - Level 10.0 Fighting
 + Level 12.2 Axes
 - Level 1.5 Throwing
 - Level 8.0 Armour
 - Level 1.8 Dodging
 - Level 1.0 Spellcasting
 - Level 3.0 Fire Magic


You had 12 spell levels left.
You didn't know any spells.
Your spell library contained the following spells:

 Spells                   Type           Power      Damage    Failure   Level
 Scorch                   Fire           18%        2d6       85%         2

Inventory:

Hand Weapons
 h - a +0 hand axe of flaming
 Y - a +1 broad axe (weapon)
Missiles
 b - 2 boomerangs (quivered)
Armour
 d - a +1 plate armour (worn)
Jewellery
 a - a +5 ring of evasion (left hand)
 m - a ring of protection from cold (right hand)
 o - the ring of the Assorted Wars {rCorr Int+4}
   (You bought it in a shop on level 9 of the Dungeon)

   [ring of resist corrosion]

   Int:       It affects your intelligence (+4).
   rCorr:     It protects you from acid and corrosion.
 p - a ring of willpower
Wands
 n - a wand of digging (4)
Scrolls
 c - 4 scrolls of identify
 k - 7 scrolls of teleportation
Potions
 e - a potion of cancellation
 f - 4 potions of curing
 g - 2 potions of haste
 i - a potion of brilliance {unknown}
 j - a potion of mutation
 l - a potion of might
 q - a potion of resistance

Dungeon Overview and Level Annotations

Branches:
Dungeon (10/15)            Temple (1/1) D:5             Orc (0/2) D:10
   Lair: D:8-11

Altars:
Ashenzari
Cheibriados
Dithmenos
Elyvilon
Fedhas
Gozag
Hepliaklqana
Kikubaaqudgha
Makhleb
Nemelex Xobeh
Okawaru
Qazlal
Ru
Sif Muna
Trog
Uskayaw
Vehumet
Wu Jian
Xom
Yredelemnul
Zin
The Shining One

Shops:
D:1 ?   D:7 :?(:[   D:9 ?==(

Annotations:
D:7 3 runed translucent doors, frimble's ghost, novice DsFi


Message History

The slime creature is severely wounded.
The slime creature hits you!
You slash the slime creature!
The slime creature is almost dead.
A slime creature comes into view.
The slime creature closely misses you.
You hit the slime creature.
The slime creature is almost dead.
The slime creature hits you!
You slice the slime creature!!
You kill the slime creature!
The slime creature quivers.
You hit the slime creature.
The slime creature is lightly wounded.
The slime creature hits you!
A slime creature comes into view.
The slime creature quivers.
You slice the slime creature!!
The slime creature is moderately wounded.
The slime creature hits you but does no damage.
Two slime creatures merge to form a large slime creature.
You slash the large slime creature!
The large slime creature is moderately wounded.
Two slime creatures merge to form a very large slime creature.
You slice the very large slime creature!!
The very large slime creature is moderately wounded.
The very large slime creature misses you.
You slice the very large slime creature!!
The very large slime creature is heavily wounded.
A very large slime creature splits.
You slash the slime creature!
The slime creature is heavily wounded.
You slash the large slime creature!
The large slime creature barely misses you.
The slime creature hits you but does no damage.
You hit the slime creature.
The slime creature is severely wounded.
You hit the large slime creature. The large slime creature hits you!!
The slime creature hits you!
You die...

##.)### ..
###...#### #.
#.........#
#.........# ..
#.........#
J.'.#####.........#
#.....#.........'
#J#.........#
#J@.........#
###.........
#........ #########


You could see a large slime creature and a slime creature.

Vanquished Creatures
  A boulder beetle (D:9)
  A two-headed ogre (D:9)
  Joseph (D:10)
  A troll (D:10)
  A slime creature (D:10)
  A wraith (D:10)
  12 yaks
  A wyvern (D:9)
  2 steam dragons (D:9)
  An acid dragon (D:9)
  2 water moccasins
  4 ice beasts
  A sky beast (D:7)
  5 black bears
  5 orc warriors
  A centaur (D:5)
  A phantom (D:6)
  2 kobold brigands
  4 bullfrogs
  A gnoll sergeant (D:10)
  6 scorpions
  9 wights
  5 killer bees (D:9)
  9 howler monkeys
  4 orc priests
  2 gnoll boudas
  5 jellies
  4 hounds
  Jessica (D:2)
  2 sleepcaps
  9 orc wizards
  5 iguanas
  16 gnolls
  5 adders
  A white imp (D:6)
  3 ufetubi (D:5)
  3 worms
  2 dart slugs
  49 orcs
  13 ball pythons
  9 endoplasms
  5 giant cockroaches
  4 goblins
  6 hobgoblins
  4 jackals (D:1)
  6 quokkas
  4 bats
  3 frilled lizards
  15 kobolds
  4 rats
  A butterfly (D:8)
262 creatures vanquished.

Vanquished Creatures (others)
  A quokka (D:9)
1 creature vanquished.

Grand Total: 263 creatures vanquished

Notes
Turn   | Place    | Note
-------+----------+-------------------------------------------
     0 | D:1      | qw the Gargoyle Cinder Acolyte began the quest for the Orb.
     0 | D:1      | Reached XP level 1. HP: 14/14 MP: 2/2
     0 | D:1      | 0 ||| qw: Version: 0.2-a-95-g4c1bab1
     0 | D:1      | 0 ||| qw: Game counter: 152
     0 | D:1      | 0 ||| qw: Always use a shield: true
     0 | D:1      | 0 ||| qw: God list: Okawaru
     0 | D:1      | 0 ||| qw: Allow faded altars: false
     0 | D:1      | 0 ||| qw: Do Orc after D:15 true
     0 | D:1      | 0 ||| qw: Do second Lair branch before Depths: true
     0 | D:1      | 0 ||| qw: Lair rune preference: random
     0 | D:1      | 0 ||| qw: Plans: Normal
     0 | D:1      | 0 ||| PLANNING D:1-11
    46 | D:1      | 46 ||| INVOKING Fiery Armour.
    48 | D:1      | Reached skill level 3 in Axes
    90 | D:1      | Reached XP level 2. HP: 19/19 MP: 3/3
   364 | D:1      | Found Iruq's Magic Scroll Shop.
   367 | D:1      | 367 ||| BUYING scroll of identify (22 gold).
   367 | D:1      | Bought a scroll of identify for 22 gold pieces
   497 | D:1      | Reached XP level 3. HP: 19/23 MP: 4/4
   660 | D:1      | 660 ||| UPGRADING to +0 scale mail.
   670 | D:1      | 670 ||| DROPPING +0 robe.
   671 | D:1      | 671 ||| READING scroll labelled LIMAVE IHOIFEG.
   672 | D:1      | 672 ||| READING 3 scrolls labelled QEURGH ELOTOS.
   675 | D:1      | 675 ||| READING 6 scrolls of identify.
   675 | D:1      | 675 ||| IDENTIFYING fizzy clear potion
   676 | D:1      | 676 ||| READING 5 scrolls of identify.
   676 | D:1      | 676 ||| IDENTIFYING red potion
   677 | D:1      | 677 ||| READING 4 scrolls of identify.
   677 | D:1      | 677 ||| IDENTIFYING lumpy red potion
   678 | D:1      | 678 ||| READING 3 scrolls of identify.
   678 | D:1      | 678 ||| IDENTIFYING glowing sapphire potion
   679 | D:1      | 679 ||| DROPPING potion of ambrosia.
   680 | D:1      | 680 ||| DROPPING potion of degeneration.
   751 | D:2      | Reached skill level 1 in Armour
   890 | D:2      | Reached skill level 4 in Axes
  1000 | D:2      | Noticed Jessica
  1004 | D:2      | Killed Jessica
  1005 | D:2      | Reached XP level 4. HP: 27/28 MP: 5/5
  1525 | D:2      | 1525 ||| UPGRADING to +0 plate armour.
  1535 | D:2      | 1535 ||| DROPPING +0 scale mail.
  1536 | D:2      | 1536 ||| READING scroll labelled NUSUPOGHYA.
  1537 | D:2      | 1537 ||| READING scroll labelled RAUGU SUWI.
  1538 | D:2      | 1538 ||| READING 3 scrolls of identify.
  1538 | D:2      | 1538 ||| IDENTIFYING smoky inky potion
  1591 | D:3      | 1591 ||| Stepping ~*~*~tactically~*~*~ (stealth).
  1692 | D:3      | 1692 ||| Stepping ~*~*~tactically~*~*~ (hiding).
  1693 | D:3      | 1693 ||| Stepping ~*~*~tactically~*~*~ (hiding).
  1695 | D:3      | 1695 ||| Stepping ~*~*~tactically~*~*~ (hiding).
  1697 | D:3      | 1697 ||| Stepping ~*~*~tactically~*~*~ (hiding).
  1698 | D:3      | 1698 ||| Stepping ~*~*~tactically~*~*~ (hiding).
  1699 | D:3      | 1699 ||| Stepping ~*~*~tactically~*~*~ (hiding).
  1821 | D:3      | Noticed a scorpion
  1838 | D:3      | Killed a scorpion
  1839 | D:3      | Reached skill level 3 in Armour
  1839 | D:3      | Reached XP level 5. HP: 17/32 MP: 6/6
  1962 | D:3      | 1962 ||| Stepping ~*~*~tactically~*~*~ (stealth).
  1985 | D:3      | 1985 ||| Stepping ~*~*~tactically~*~*~ (stealth).
  2066 | D:3      | 2066 ||| Stepping ~*~*~tactically~*~*~ (hiding).
  2328 | D:3      | 2328 ||| UPGRADING to +5 ring of evasion.
  2329 | D:3      | 2329 ||| READING scroll labelled EFEZAYDIEKK.
  2413 | D:4      | Reached skill level 5 in Axes
  2413 | D:4      | Noticed a black bear
  2421 | D:4      | 2421 ||| INVOKING Fiery Armour.
  2428 | D:4      | Reached XP level 6. HP: 16/38 MP: 7/7
  2429 | D:4      | Killed a black bear
  2537 | D:4      | 2537 ||| Stepping ~*~*~tactically~*~*~ (stealth).
  2538 | D:4      | 2538 ||| Stepping ~*~*~tactically~*~*~ (stealth).
  2539 | D:4      | 2539 ||| Stepping ~*~*~tactically~*~*~ (stealth).
  2904 | D:4      | Reached XP level 7. HP: 36/44 MP: 8/8
  3130 | D:4      | Identified the staff of fire "Rannuc" {rF+ rC+ rN++}
  3194 | D:4      | Found an ornate altar of the Wu Jian Council.
  3259 | D:4      | Reached skill level 6 in Axes
  3275 | D:4      | 3275 ||| Stepping ~*~*~tactically~*~*~ (hiding).
  3277 | D:4      | 3277 ||| Stepping ~*~*~tactically~*~*~ (hiding).
  3314 | D:4      | 3314 ||| READING scroll labelled ASIPEV ILUB.
  3315 | D:4      | 3315 ||| READING scroll labelled UZILEC MEOQE.
  3316 | D:4      | 3316 ||| READING scroll labelled XESHOG IBLERCHE.
  3333 | D:5      | Entered Level 5 of the Dungeon
  3353 | D:5      | 3353 ||| Stepping ~*~*~tactically~*~*~ (stealth).
  3364 | D:5      | 3364 ||| INVOKING Fiery Armour.
  3413 | D:5      | 3413 ||| Stepping ~*~*~tactically~*~*~ (stealth).
  3415 | D:5      | 3415 ||| Stepping ~*~*~tactically~*~*~ (hiding).
  3427 | D:5      | 3427 ||| Stepping ~*~*~tactically~*~*~ (hiding).
  3429 | D:5      | 3429 ||| Stepping ~*~*~tactically~*~*~ (hiding).
  3435 | D:5      | Reached skill level 7 in Axes
  3515 | D:5      | 3515 ||| INVOKING Fiery Armour.
  3525 | D:5      | Reached XP level 8. HP: 46/50 MP: 9/9
  3576 | D:5      | 3576 ||| Stepping ~*~*~tactically~*~*~ (hiding).
  3580 | D:5      | 3580 ||| Stepping ~*~*~tactically~*~*~ (stealth).
  3723 | D:5      | Found a staircase to the Ecumenical Temple.
  3746 | D:5      | 3746 ||| Stepping ~*~*~tactically~*~*~ (hiding).
  3764 | D:5      | 3764 ||| INVOKING Fiery Armour.
  3786 | D:5      | 3786 ||| Stepping ~*~*~tactically~*~*~ (stealth).
  3849 | D:5      | 3849 ||| Stepping ~*~*~tactically~*~*~ (stealth).
  3850 | D:5      | 3850 ||| Stepping ~*~*~tactically~*~*~ (stealth).
  4087 | D:5      | 4087 ||| INVOKING Fiery Armour.
  4089 | D:5      | Reached skill level 8 in Axes
  4328 | D:5      | 4328 ||| READING 3 scrolls labelled ANEAM ZUVIWINK.
  4329 | D:5      | 4329 ||| READING 5 scrolls of identify.
  4329 | D:5      | 4329 ||| IDENTIFYING amethyst potion
  4330 | D:5      | 4330 ||| READING 4 scrolls of identify.
  4330 | D:5      | 4330 ||| IDENTIFYING fuming golden potion
  4331 | D:5      | 4331 ||| READING 3 scrolls of identify.
  4331 | D:5      | 4331 ||| IDENTIFYING ruby potion
  4332 | D:5      | 4332 ||| DROPPING potion of flight.
  4333 | D:5      | 4333 ||| DROPPING 2 scrolls of fear.
  4433 | D:6      | Reached skill level 6 in Fighting
  4901 | D:6      | 4901 ||| READING scroll labelled LYOLES XORO.
  4929 | D:7      | HP: 10/51 [kobold brigand/+2 dagger of distortion (11)]
  4930 | D:7      | 4930 ||| READING 6 scrolls of teleportation.
  4931 | D:7      | 4931 ||| INVOKING Fiery Armour.
  5108 | D:7      | Reached skill level 9 in Axes
  5108 | D:7      | Reached XP level 9. HP: 55/55 MP: 10/10
  5184 | D:7      | Found a runed translucent gate.
  5184 | D:7      | Found a runed translucent gate.
  5199 | D:7      | Found Udeghoofae's Book Emporium.
  5218 | D:7      | 5218 ||| INVOKING Fiery Armour.
  5397 | D:7      | 5397 ||| SWAPPING to +0 war axe.
  5447 | D:7      | 5447 ||| Stepping ~*~*~tactically~*~*~ (stealth).
  5449 | D:7      | 5449 ||| Stepping ~*~*~tactically~*~*~ (stealth).
  5499 | D:7      | Found a blossoming altar of Fedhas.
  5527 | D:7      | Found Fufoj's Magic Scroll Emporium.
  5539 | D:7      | 5539 ||| BUYING scroll of enchant weapon (120 gold).
  5539 | D:7      | Bought a scroll of enchant weapon for 120 gold pieces
  5539 | D:7      | 5539 ||| BUYING scroll of teleportation (48 gold).
  5539 | D:7      | Bought a scroll of teleportation for 48 gold pieces
  5539 | D:7      | 5539 ||| BUYING scroll of teleportation (48 gold).
  5539 | D:7      | Bought a scroll of teleportation for 48 gold pieces
  5539 | D:7      | 5539 ||| READING scroll of enchant weapon.
  5539 | D:7      | 5539 ||| ENCHANTING +0 war axe.
  5590 | D:7      | Found Doiweok's Book Shoppe.
  5650 | D:7      | Found Moazizal's Armour Emporium.
  5666 | D:7      | 5666 ||| SHOPLISTING +0 chain mail "Goisos" {rF+ Stlth+}
                  | (213 gold, have 91).
  5691 | D:7      | Found Wisedo's Antique Weapon Boutique.
  5697 | D:7      | 5697 ||| Stepping ~*~*~tactically~*~*~ (hiding).
  5720 | D:7      | 5720 ||| Stepping ~*~*~tactically~*~*~ (stealth).
  5726 | D:7      | 5726 ||| INVOKING Fiery Armour.
  6123 | D:7      | Found a runed translucent gate.
  6125 | D:7      | Noticed frimble's ghost (novice DsFi)
  6213 | D:7      | 6213 ||| READING scroll labelled HAIZYREKOU.
  6213 | D:7      | Identified a scroll of acquirement
  6213 | D:7      | 6213 ||| ACQUIRING 843 gold pieces
  6213 | D:7      | Acquired 843 gold pieces
  6263 | D:8      | 6263 ||| Stepping ~*~*~tactically~*~*~ (hiding).
  6268 | D:8      | 6268 ||| Stepping ~*~*~tactically~*~*~ (hiding).
  6299 | D:8      | 6299 ||| INVOKING Fiery Armour.
  6457 | D:8      | 6457 ||| SWAPPING to +0 broad axe.
  6458 | D:8      | 6458 ||| DROPPING +1 war axe.
  6528 | D:8      | 6528 ||| Stepping ~*~*~tactically~*~*~ (hiding).
  6529 | D:8      | 6529 ||| Stepping ~*~*~tactically~*~*~ (hiding).
  6530 | D:8      | 6530 ||| Stepping ~*~*~tactically~*~*~ (hiding).
  6532 | D:8      | 6532 ||| Stepping ~*~*~tactically~*~*~ (hiding).
  6533 | D:8      | 6533 ||| Stepping ~*~*~tactically~*~*~ (hiding).
  6538 | D:8      | Reached skill level 10 in Axes
  6610 | D:8      | Reached skill level 6 in Armour
  6711 | D:8      | 6711 ||| DRINKING 6 potions of curing.
  6711 | D:8      | 6711 ||| (to cure confusion)
  6722 | D:8      | 6722 ||| INVOKING Fiery Armour.
  6900 | D:8      | Found a shimmering altar of Xom.
  6918 | D:8      | 6918 ||| Stepping ~*~*~tactically~*~*~ (hiding).
  6934 | D:8      | 6934 ||| DRINKING 5 potions of curing.
  6934 | D:8      | 6934 ||| (to cure confusion)
  6945 | D:8      | 6945 ||| Stepping ~*~*~tactically~*~*~ (stealth).
  6954 | D:8      | Reached skill level 1 in Dodging
  6954 | D:8      | Reached XP level 10. HP: 60/64 MP: 11/11
  6962 | D:8      | 6962 ||| INVOKING Fiery Armour.
  7127 | D:8      | 7127 ||| Stepping ~*~*~tactically~*~*~ (stealth).
  7268 | D:8      | 7268 ||| Stepping ~*~*~tactically~*~*~ (hiding).
  7269 | D:8      | 7269 ||| Stepping ~*~*~tactically~*~*~ (hiding).
  7270 | D:8      | 7270 ||| Stepping ~*~*~tactically~*~*~ (hiding).
  7271 | D:8      | 7271 ||| Stepping ~*~*~tactically~*~*~ (hiding).
  7347 | D:8      | 7347 ||| PLANNING TEMPLE
  7347 | D:8      | 7347 ||| READING 2 scrolls labelled UBRIDAMPAJ.
  7348 | D:8      | 7348 ||| READING scroll labelled BIREOL TIJAL.
  7349 | D:8      | 7349 ||| READING 5 scrolls of identify.
  7349 | D:8      | 7349 ||| IDENTIFYING metallic ruby potion
  7350 | D:8      | 7350 ||| READING 4 scrolls of identify.
  7350 | D:8      | 7350 ||| IDENTIFYING puce potion
  7351 | D:8      | 7351 ||| DROPPING scroll of noise.
  7352 | D:8      | 7352 ||| DROPPING potion of berserk rage.
  7416 | Temple   | Entered the Ecumenical Temple
  7487 | Temple   | 7487 ||| PLANNING D:1-11
  7556 | D:9      | Noticed a two-headed ogre
  7563 | D:9      | HP: 15/64 [two-headed ogre/+0 giant club (13)]
  7564 | D:9      | 7564 ||| READING 8 scrolls of teleportation.
  7566 | D:9      | Killed a two-headed ogre
  7567 | D:9      | Reached skill level 11 in Axes
  7785 | D:9      | Found Ycvuygozxi's Jewellery Boutique.
  7817 | D:9      | 7817 ||| READING scroll of enchant weapon.
  7817 | D:9      | 7817 ||| ENCHANTING +0 broad axe.
  7928 | D:9      | Found an iron altar of Okawaru.
  8207 | D:9      | Found an opulent altar of Gozag.
  8229 | D:9      | Found a snail-covered altar of Cheibriados.
  8231 | D:9      | Found a hide-covered altar of Uskayaw.
  8255 | D:9      | Reached skill level 9 in Fighting
  8310 | D:9      | Found Ittitah's Weapon Shoppe.
  8310 | D:9      | Noticed a boulder beetle
  8318 | D:9      | HP: 11/66 [boulder beetle (19)]
  8319 | D:9      | 8319 ||| READING 8 scrolls of teleportation.
  8322 | D:9      | 8322 ||| READING 7 scrolls of teleportation.
  8325 | D:9      | Found Reruanla's Magic Scroll Emporium.
  8393 | D:9      | Killed a boulder beetle
  8545 | D:9      | Found a white marble altar of Elyvilon.
  8561 | D:9      | Found Doehum's Jewellery Shoppe.
  8568 | D:9      | 8568 ||| BUYING ring of protection from cold (300 gold).
  8568 | D:9      | Bought a ring of protection from cold for 300 gold pieces
  8568 | D:9      | 8568 ||| BUYING ring of the Assorted Wars {rCorr Int+4}
                  | (424 gold).
  8568 | D:9      | Bought the ring of the Assorted Wars {rCorr Int+4} for 424
                  | gold pieces
  8568 | D:9      | 8568 ||| BUYING ring of willpower (300 gold).
  8568 | D:9      | Bought a ring of willpower for 300 gold pieces
  8644 | D:9      | 8644 ||| READING scroll of enchant armour.
  8644 | D:9      | 8644 ||| ENCHANTING +0 plate armour.
  8965 | D:9      | 8965 ||| BUYING scroll of teleportation (39 gold).
  8965 | D:9      | Bought a scroll of teleportation for 39 gold pieces
  8965 | D:9      | 8965 ||| DROPPING ring of ice.
  8966 | D:9      | 8966 ||| UPGRADING to ring of protection from cold.
  8967 | D:9      | 8967 ||| READING 3 scrolls of identify.
  8967 | D:9      | 8967 ||| IDENTIFYING fuming dark potion
  8968 | D:9      | 8968 ||| DROPPING potion of magic.
  8987 | D:10     | Entered Level 10 of the Dungeon
  9028 | D:10     | Reached XP level 11. HP: 63/71 MP: 12/12
  9053 | D:10     | 9053 ||| Stepping ~*~*~tactically~*~*~ (stealth).
  9054 | D:10     | 9054 ||| Stepping ~*~*~tactically~*~*~ (stealth).
  9056 | D:10     | 9056 ||| Stepping ~*~*~tactically~*~*~ (stealth).
  9061 | D:10     | 9061 ||| Stepping ~*~*~tactically~*~*~ (stealth).
  9075 | D:10     | 9075 ||| Stepping ~*~*~tactically~*~*~ (stealth).
  9101 | D:10     | 9101 ||| Stepping ~*~*~tactically~*~*~ (stealth).
  9102 | D:10     | 9102 ||| Stepping ~*~*~tactically~*~*~ (stealth).
  9130 | D:10     | Reached skill level 12 in Axes
  9152 | D:10     | 9152 ||| Stepping ~*~*~tactically~*~*~ (stealth).
  9495 | D:10     | 9495 ||| READING scroll labelled LEEQUI QUSMIL.
  9520 | D:10     | 9520 ||| Stepping ~*~*~tactically~*~*~ (stealth).
  9522 | D:10     | 9522 ||| Stepping ~*~*~tactically~*~*~ (stealth).
  9633 | D:9      | 9633 ||| SHOPLISTING +5 ring of evasion (432 gold, have
                  | 94).
  9633 | D:9      | 9633 ||| SHOPLISTING amulet of reflection (360 gold, have
                  | 94).
  9633 | D:9      | 9633 ||| SHOPLISTING amulet of the acrobat (360 gold, have
                  | 94).
  9633 | D:9      | 9633 ||| SHOPLISTING ring of see invisible (180 gold, have
                  | 94).
  9646 | D:10     | Found a staircase to the Orcish Mines.
  9651 | D:10     | 9651 ||| Stepping ~*~*~tactically~*~*~ (hiding).
  9652 | D:10     | 9652 ||| Stepping ~*~*~tactically~*~*~ (hiding).
  9777 | D:10     | 9777 ||| Stepping ~*~*~tactically~*~*~ (stealth).
  9782 | D:10     | Noticed Joseph
  9800 | D:10     | Killed Joseph
  9801 | D:10     | Reached skill level 1 in Throwing
  9864 | D:10     | 9864 ||| Stepping ~*~*~tactically~*~*~ (stealth).
  9889 | D:10     | 9889 ||| Stepping ~*~*~tactically~*~*~ (stealth).
  9891 | D:10     | 9891 ||| Stepping ~*~*~tactically~*~*~ (stealth).
  9906 | D:10     | HP: 2/72 [large slime creature (24)]
  9906 | D:10     | Mangled by a slime creature

Levels and vault maps discovered:
D:1:      lemuel_arrival_cross, layout_rooms, serial_shops,
          nicolae_shop_rolled_up, feat_on_display
D:2:      layout_basic, st_stairs_5, uniq_jessica
D:3:      layout_loops_cross, minmay_bisected
D:4:      minmay_recursive_quarters, layout_basic, nzn_wu_jian_contemplation,
          nrook_uturn, minmay_misc_feat_chi
D:5:      layout_cave_pools, minmay_temple_entry_mini_moons,
          minmay_misc_feat_room
D:6:      layout_cave_pools, serial_column_ruins, column_ruins_square_small,
          column_ruins_columns_straight, column_ruins_open_tiny,
          column_ruins_open_medium_water, column_ruins_grid_1
D:7:      layout_loops_cross, mainiacjoe_overflow_catwalk, serial_shops, shop,
          nicolae_stop_n_shop_1, shop_statue, shop, shop,
          ebering_ghost_rock_garden
D:8:      layout_rooms, xom_butterflies, moated_statue
D:9:      layout_loops_corners, mainiacjoe_overflow_cross_hatched,
          nicolae_gozag_cash_rules_everything_around_me, elyvilon_altar_4,
          mainiacjoe_overflow_catwalk_spiral, serial_shops,
          nicolae_take_the_stairs, shop, nicolae_shop_hallway_plus,
          nicolae_shop_waterfront
D:10:     layout_roguey, grunt_lair_entry_orc_guard_hut, hiddenorc2_lemuel,
          corexii_leaking_fountain, uniq_joseph, uniq_urug
Temple:   compressed_dpeg_circular_temple

Skill      XL: |  1  2  3  4  5  6  7  8  9 10 11 |
---------------+----------------------------------+-----
Axes           | 3 4 5 7 9 10 11 12 | 12.2
Armour         | 1 3 4 6 7 8 |  8.0
Fighting       | 4 5 6 8 9 10 | 10.0
Dodging        | 1 |  1.8
Throwing       | 1 |  1.5
Spellcasting   | |  1.0
Fire Magic     | |  3.0

Action                     |  1- 3 |  4- 6 |  7- 9 | 10-12 || total
---------------------------+-------+-------+-------+-------++-------
  Melee: Hand axe          |   113 |   221 |   269 |       ||   603
         Punch             |       |     2 |     8 |     5 ||    15
         Broad axe         |       |       |    86 |   310 ||   396
         War axe           |       |       |    83 |       ||    83
  Throw: Boomerang         |       |       |       |     8 ||     8
 Invoke: Fiery Armour      |     1 |     1 |     9 |     1 ||    12
    Use: Scroll            |     6 |     4 |    11 |    11 ||    32
         Potion            |       |       |     2 |       ||     2
 Armour: Robe              |    35 |       |       |       ||    35
         Scale mail        |    22 |    14 |       |       ||    36
         Plate armour      |       |   140 |   269 |   177 ||   586
  Dodge: Dodged            |    63 |   100 |   253 |   248 ||   664

Table legend:
 A = Non-vault XP
 B = Vault XP
 C = Vault XP percentage of total XP
 D = Non-vault monster count
 E = Vault monster count
 F = Vault count percentage of total count
                 A         B        C        D         E       F
            +---------+---------+-------+---------+---------+-------
      Total |   11462 |    1493 |  11.5 |     211 |      50 |  19.2
            +---------+---------+-------+---------+---------+-------
        D:1 |      39 |       0 |   0.0 |      24 |       0 |   0.0
        D:2 |      54 |      41 |  43.2 |      14 |       3 |  17.6
        D:3 |     124 |       6 |   4.6 |      20 |       3 |  13.0
        D:4 |     347 |     113 |  24.6 |      17 |      10 |  37.0
        D:5 |    1080 |       0 |   0.0 |      34 |       0 |   0.0
        D:6 |     326 |       0 |   0.0 |       5 |       0 |   0.0
        D:7 |    1440 |       0 |   0.0 |      24 |       0 |   0.0
        D:8 |    2267 |       0 |   0.0 |      34 |       0 |   0.0
        D:9 |    3263 |       0 |   0.0 |      21 |       0 |   0.0
       D:10 |    2522 |    1333 |  34.6 |      18 |      34 |  65.4
            +---------+---------+-------+---------+---------+-------
